[ AOE2 MATCH · #481968486 ]
Team RMTeutons vs Persians
Player's team · LOSS
[ REPLAY ANALYSIS · EXTRACTED FROM THE RECORDED GAME ]
Feudal
11:24
Castle
15:23
Imperial
27:57
| APM avg | 32.1 |
| APM peak | 117 |
| eAPM avg | 15.9 |
| Villagers / military | 149 / 589 |
Focus
⚔️ 35.9% · 🌾 64.1%
Spearman ×520 · Trade Cart ×35 · Scorpion ×25 · Bombard Cannon ×15 · Teutonic Knight ×15 · Mangonel ×9
Feudal
13:34
Castle
20:30
Imperial
36:23
| APM avg | 14.1 |
| APM peak | 35 |
| eAPM avg | 10.3 |
| Villagers / military | 104 / 167 |
Focus
⚔️ 38.4% · 🌾 61.6%
War Elephant ×160 · Trade Cart ×14 · Monk ×7
Feudal
12:32
Castle
17:21
Imperial
31:35
| APM avg | 19.8 |
| APM peak | 90 |
| eAPM avg | 13.0 |
| Villagers / military | 133 / 359 |
Focus
⚔️ 30.0% · 🌾 70.0%
Rattan Archer ×241 · Battle Elephant ×81 · Bombard Cannon ×32 · Trade Cart ×15 · Trebuchet (Packed) ×3 · Monk ×2
Feudal
10:46
Castle
16:22
Imperial
33:10
| APM avg | 29.0 |
| APM peak | 77 |
| eAPM avg | 17.0 |
| Villagers / military | 128 / 323 |
Focus
⚔️ 35.5% · 🌾 64.5%
Mangudai ×184 · Skirmisher ×126 · Trade Cart ×8 · Mangonel ×8 · Scout Cavalry ×3 · Trebuchet (Packed) ×2
Feudal
14:06
Castle
21:55
Imperial
36:34
| APM avg | 14.5 |
| APM peak | 37 |
| eAPM avg | 12.5 |
| Villagers / military | 159 / 192 |
Focus
⚔️ 22.4% · 🌾 77.6%
Scorpion ×147 · Spearman ×36 · Trade Cart ×30 · Woad Raider ×8 · Monk ×1
Feudal
10:11
Castle
18:04
Imperial
35:49
| APM avg | 40.1 |
| APM peak | 87 |
| eAPM avg | 24.3 |
| Villagers / military | 134 / 121 |
Focus
⚔️ 51.6% · 🌾 48.4%
Unknown (2550) ×296 · Spearman ×39 · Bolas Rider ×32 · Trade Cart ×20 · Trebuchet (Packed) ×20 · Scorpion ×12
Feudal
11:33
Castle
17:08
Imperial
33:04
| APM avg | 35.7 |
| APM peak | 108 |
| eAPM avg | 27.1 |
| Villagers / military | 147 / 474 |
Focus
⚔️ 46.8% · 🌾 53.2%
Knight ×285 · Spearman ×126 · Scout Cavalry ×57 · Trade Cart ×29 · Trebuchet (Packed) ×3 · Mangonel ×2
Feudal
12:43
Castle
18:19
Imperial
34:07
| APM avg | 24.9 |
| APM peak | 55 |
| eAPM avg | 13.5 |
| Villagers / military | 128 / 306 |
Focus
⚔️ 27.2% · 🌾 72.8%
Scout Cavalry ×125 · Cavalry Archer ×123 · Janissary ×26 · Trade Cart ×26 · Bombard Cannon ×15 · Camel Scout ×15
Match map
Resources at game start + every placement click. Thick line = wall · dashed box = detected house wall. 🟡 gold · ⚪ stone · 🟢 berries · 🔶 boar · ⭕ relic
Inputs per minute
— [Knusper] sycane - - Conquistatoooore
Build order — [Knusper] sycane
First 150 of 469 actions detected
| 0:01 | Create | Villager (Male) |
| 0:01 | Create | Villager (Male) |
| 0:03 | Build | House |
| 0:04 | Build | House |
| 0:16 | Create | Villager (Male) |
| 0:16 | Create | Villager (Male) |
| 1:29 | Create | Villager (Male) |
| 1:51 | Build | Lumber Camp |
| 1:59 | Create | Villager (Male) |
| 2:21 | Create | Villager (Male) |
| 2:50 | Create | Villager (Male) |
| 2:50 | Create | Villager (Male) |
| 3:08 | Create | Villager (Male) |
| 3:08 | Create | Villager (Male) |
| 3:48 | Create | Villager (Male) |
| 3:59 | Build | House |
| 4:04 | Create | Villager (Male) |
| 4:05 | Create | Villager (Male) |
| 5:01 | Create | Villager (Male) |
| 5:01 | Create | Villager (Male) |
| 5:08 | Create | Villager (Male) |
| 5:11 | Build | House |
| 5:13 | Create | Villager (Male) |
| 5:20 | Create | Villager (Male) |
| 5:32 | Build | Mill |
| 5:41 | Create | Villager (Male) |
| 6:18 | Create | Villager (Male) |
| 6:35 | Create | Villager (Male) |
| 7:31 | Create | Villager (Male) |
| 8:02 | Create | Villager (Male) |
| 8:07 | Build | Farm |
| 8:08 | Create | Villager (Male) |
| 8:25 | Build | House |
| 8:32 | Build | Farm |
| 8:32 | Create | Villager (Male) |
| 8:53 | Research | Feudal Age |
| 9:18 | Create | Villager (Male) |
| 10:13 | Build | Mining Camp |
| 11:13 | Create | Villager (Male) |
| 11:24 | Age | Feudal Age |
| 11:27 | Build | Blacksmith |
| 11:30 | Build | Market |
| 12:08 | Create | Villager (Male) |
| 12:43 | Research | Castle Age |
| 13:45 | Build | Mining Camp |
| 13:51 | Research | Double-Bit Axe |
| 13:52 | Research | Horse Collar |
| 14:25 | Build | Farm |
| 14:44 | Build | House |
| 14:46 | Build | House |
| 14:47 | Build | House |
| 15:23 | Age | Castle Age |
| 15:25 | Create | Villager (Male) |
| 15:25 | Create | Villager (Male) |
| 15:30 | Build | Town Center |
| 15:39 | Build | Town Center |
| 15:51 | Research | Bow Saw |
| 16:06 | Build | House |
| 16:07 | Build | House |
| 16:11 | Create | Villager (Male) |
| 16:21 | Research | Heavy Plow |
| 16:33 | Create | Villager (Male) |
| 16:35 | Build | Farm |
| 16:50 | Build | Farm |
| 16:52 | Build | Farm |
| 16:59 | Create | Villager (Male) |
| 17:10 | Build | Farm |
| 17:14 | Build | Farm |
| 17:18 | Build | Farm |
| 17:20 | Build | Farm |
| 17:20 | Create | Villager (Male) |
| 17:22 | Create | Villager (Male) |
| 17:31 | Build | House |
| 17:32 | Build | House |
| 17:37 | Build | Farm |
| 17:41 | Create | Villager (Male) |
| 17:42 | Create | Villager (Male) |
| 17:46 | Build | Farm |
| 17:51 | Build | Farm |
| 17:52 | Build | Farm |
| 17:55 | Create | Villager (Male) |
| 18:02 | Create | Villager (Male) |
| 18:07 | Create | Villager (Male) |
| 18:11 | Build | Farm |
| 18:13 | Build | Farm |
| 18:17 | Create | Villager (Male) |
| 18:29 | Build | Farm |
| 18:33 | Build | Farm |
| 18:35 | Build | Farm |
| 18:37 | Build | Farm |
| 18:39 | Create | Villager (Male) |
| 18:41 | Create | Villager (Male) |
| 18:44 | Create | Villager (Male) |
| 18:47 | Build | Farm |
| 18:51 | Build | Farm |
| 18:53 | Build | Farm |
| 18:55 | Build | Farm |
| 18:59 | Create | Villager (Male) |
| 19:05 | Build | House |
| 19:08 | Build | House |
| 19:09 | Build | House |
| 19:12 | Create | Villager (Male) |
| 19:16 | Create | Villager (Male) |
| 19:19 | Build | Farm |
| 19:22 | Build | Farm |
| 19:30 | Create | Villager (Male) |
| 19:38 | Create | Villager (Male) |
| 19:43 | Build | Farm |
| 19:45 | Build | Farm |
| 19:48 | Build | Farm |
| 19:50 | Create | Villager (Male) |
| 19:51 | Create | Villager (Male) |
| 19:59 | Create | Villager (Male) |
| 19:59 | Create | Villager (Male) |
| 20:03 | Build | Farm |
| 20:10 | Create | Villager (Male) |
| 20:24 | Build | House |
| 20:24 | Create | Villager (Male) |
| 20:25 | Create | Villager (Male) |
| 20:35 | Build | Town Center |
| 20:37 | Create | Villager (Male) |
| 20:43 | Research | Wheelbarrow |
| 20:50 | Create | Villager (Male) |
| 20:55 | Build | Farm |
| 20:58 | Build | Farm |
| 21:00 | Build | Farm |
| 21:07 | Build | House |
| 21:17 | Create | Villager (Male) |
| 21:17 | Create | Villager (Male) |
| 21:17 | Create | Villager (Male) |
| 21:23 | Build | Farm |
| 21:25 | Build | Farm |
| 21:26 | Build | Farm |
| 21:30 | Build | Farm |
| 21:42 | Build | Lumber Camp |
| 21:44 | Create | Villager (Male) |
| 21:45 | Create | Villager (Male) |
| 21:47 | Create | Villager (Male) |
| 21:47 | Create | Villager (Male) |
| 22:31 | Build | Monastery |
| 22:36 | Create | Villager (Male) |
| 22:37 | Create | Villager (Male) |
| 22:37 | Create | Villager (Male) |
| 22:37 | Create | Villager (Male) |
| 22:38 | Create | Villager (Male) |
| 22:38 | Create | Villager (Male) |
| 22:39 | Create | Villager (Male) |
| 22:56 | Create | Villager (Male) |
| 23:13 | Build | Farm |
| 23:17 | Build | Farm |
Build order — Conquistatoooore
First 150 of 409 actions detected
| 0:04 | Research | Loom |
| 0:05 | Create | Villager (Male) |
| 0:05 | Create | Villager (Male) |
| 0:05 | Create | Villager (Male) |
| 0:05 | Create | Villager (Male) |
| 0:06 | Create | Villager (Male) |
| 0:06 | Create | Villager (Male) |
| 0:06 | Create | Villager (Male) |
| 0:12 | Build | House |
| 0:16 | Build | House |
| 1:24 | Build | Palisade Wall |
| 2:06 | Create | Villager (Male) |
| 2:07 | Create | Villager (Male) |
| 3:02 | Build | Palisade Wall |
| 3:23 | Create | Villager (Male) |
| 3:23 | Create | Villager (Male) |
| 3:23 | Create | Villager (Male) |
| 3:23 | Create | Villager (Male) |
| 3:59 | Build | House |
| 4:11 | Create | Villager (Male) |
| 4:11 | Create | Villager (Male) |
| 5:02 | Build | House |
| 5:08 | Create | Villager (Male) |
| 5:09 | Create | Villager (Male) |
| 5:09 | Create | Villager (Male) |
| 5:09 | Create | Villager (Male) |
| 5:32 | Build | Mill |
| 5:35 | Create | Villager (Male) |
| 5:35 | Create | Villager (Male) |
| 5:37 | Create | Villager (Male) |
| 5:37 | Create | Villager (Male) |
| 5:50 | Build | House |
| 6:15 | Create | Villager (Male) |
| 6:15 | Create | Villager (Male) |
| 6:15 | Create | Villager (Male) |
| 6:59 | Create | Villager (Male) |
| 6:59 | Create | Villager (Male) |
| 6:59 | Create | Villager (Male) |
| 7:15 | Build | Lumber Camp |
| 7:28 | Create | Villager (Male) |
| 7:28 | Create | Villager (Male) |
| 7:40 | Build | House |
| 7:56 | Build | House |
| 8:09 | Create | Villager (Male) |
| 8:09 | Create | Villager (Male) |
| 8:09 | Create | Villager (Male) |
| 9:05 | Create | Villager (Male) |
| 9:05 | Create | Villager (Male) |
| 9:06 | Create | Villager (Male) |
| 9:17 | Build | Mining Camp |
| 9:26 | Build | House |
| 9:58 | Create | Villager (Male) |
| 9:58 | Create | Villager (Male) |
| 10:23 | Build | Mill |
| 10:42 | Research | Feudal Age |
| 11:23 | Build | Mill |
| 11:42 | Create | Villager (Male) |
| 11:42 | Create | Villager (Male) |
| 11:43 | Create | Villager (Male) |
| 11:43 | Create | Villager (Male) |
| 12:03 | Build | Mining Camp |
| 12:41 | Build | Mining Camp |
| 13:34 | Age | Feudal Age |
| 13:49 | Build | Stone Wall |
| 13:57 | Build | Building 665 |
| 14:07 | Build | Building 665 |
| 14:27 | Create | Villager (Male) |
| 14:27 | Create | Villager (Male) |
| 14:28 | Create | Villager (Male) |
| 14:35 | Research | Gold Mining |
| 14:38 | Research | Stone Mining |
| 14:42 | Research | Double-Bit Axe |
| 15:48 | Build | Market |
| 15:56 | Build | Farm |
| 16:00 | Build | Farm |
| 16:03 | Build | Farm |
| 16:07 | Build | Farm |
| 16:10 | Build | Farm |
| 16:14 | Build | Farm |
| 16:34 | Create | Villager (Male) |
| 16:36 | Create | Villager (Male) |
| 17:09 | Build | Blacksmith |
| 17:22 | Research | Horse Collar |
| 17:55 | Build | Mining Camp |
| 18:05 | Research | Castle Age |
| 19:19 | Create | Villager (Male) |
| 19:19 | Create | Villager (Male) |
| 19:19 | Create | Villager (Male) |
| 19:19 | Create | Villager (Male) |
| 19:53 | Build | House |
| 19:57 | Build | House |
| 20:06 | Create | Villager (Male) |
| 20:30 | Age | Castle Age |
| 20:34 | Build | Monastery |
| 20:42 | Build | Monastery |
| 20:48 | Create | Villager (Male) |
| 20:49 | Create | Villager (Male) |
| 20:49 | Create | Villager (Male) |
| 20:49 | Create | Villager (Male) |
| 21:00 | Build | Town Center |
| 21:03 | Create | Monk |
| 21:03 | Research | Fervor |
| 21:21 | Create | Monk |
| 22:12 | Create | Monk |
| 22:21 | Create | Monk |
| 22:43 | Create | Villager (Male) |
| 22:43 | Create | Villager (Male) |
| 22:49 | Build | Farm |
| 22:52 | Build | Farm |
| 23:14 | Create | Monk |
| 23:36 | Create | Monk |
| 24:26 | Create | Monk |
| 24:35 | Research | Stone Shaft Mining |
| 24:40 | Create | Villager (Male) |
| 24:41 | Create | Villager (Male) |
| 24:41 | Create | Villager (Male) |
| 24:41 | Create | Villager (Male) |
| 24:52 | Build | Town Center |
| 26:15 | Build | Castle |
| 26:32 | Build | Town Center |
| 27:27 | Build | Castle |
| 27:42 | Build | Town Center |
| 27:49 | Build | Castle |
| 27:58 | Research | Wheelbarrow |
| 28:12 | Create | Villager (Male) |
| 28:12 | Create | Villager (Male) |
| 28:13 | Create | Villager (Male) |
| 28:13 | Create | Villager (Male) |
| 28:13 | Create | Villager (Male) |
| 28:13 | Create | Villager (Male) |
| 28:14 | Create | Villager (Male) |
| 28:21 | Build | Farm |
| 28:24 | Build | Farm |
| 28:32 | Build | Mining Camp |
| 28:51 | Research | Bow Saw |
| 29:13 | Research | Gold Shaft Mining |
| 29:25 | Build | Farm |
| 29:29 | Build | Farm |
| 29:32 | Build | Farm |
| 30:32 | Research | Heavy Plow |
| 30:50 | Research | Hand Cart |
| 31:01 | Create | Villager (Male) |
| 31:01 | Create | Villager (Male) |
| 31:02 | Create | Villager (Male) |
| 31:02 | Create | Villager (Male) |
| 31:02 | Create | Villager (Male) |
| 31:02 | Create | Villager (Male) |
| 31:03 | Create | Villager (Male) |
| 31:03 | Create | Villager (Male) |
| 31:03 | Create | Villager (Male) |
Build order — [Knusper] Antonio
First 150 of 425 actions detected
| 0:03 | Create | Villager (Male) |
| 0:03 | Create | Villager (Male) |
| 0:03 | Create | Villager (Male) |
| 0:05 | Build | House |
| 0:07 | Build | House |
| 1:11 | Create | Villager (Male) |
| 1:35 | Create | Villager (Male) |
| 2:19 | Create | Villager (Male) |
| 2:22 | Build | Lumber Camp |
| 2:26 | Create | Villager (Male) |
| 3:41 | Create | Villager (Male) |
| 3:42 | Create | Villager (Male) |
| 4:12 | Create | Villager (Male) |
| 4:36 | Create | Villager (Male) |
| 4:37 | Create | Villager (Male) |
| 4:38 | Create | Villager (Male) |
| 4:39 | Create | Villager (Male) |
| 4:43 | Build | House |
| 5:03 | Create | Villager (Male) |
| 5:04 | Create | Villager (Male) |
| 5:33 | Build | House |
| 5:39 | Build | Mill |
| 5:50 | Create | Villager (Male) |
| 5:50 | Create | Villager (Male) |
| 5:53 | Create | Villager (Male) |
| 5:53 | Create | Villager (Male) |
| 6:30 | Create | Villager (Male) |
| 6:41 | Research | Loom |
| 7:32 | Create | Villager (Male) |
| 7:43 | Create | Villager (Male) |
| 7:43 | Create | Villager (Male) |
| 9:24 | Create | Villager (Male) |
| 9:24 | Create | Villager (Male) |
| 9:34 | Build | Farm |
| 9:37 | Build | Farm |
| 9:53 | Build | Farm |
| 10:22 | Research | Feudal Age |
| 11:31 | Create | Villager (Male) |
| 11:31 | Create | Villager (Male) |
| 12:32 | Age | Feudal Age |
| 13:17 | Build | Market |
| 13:19 | Build | Blacksmith |
| 13:22 | Build | House |
| 13:31 | Create | Villager (Male) |
| 13:35 | Create | Villager (Male) |
| 14:29 | Research | Castle Age |
| 14:55 | Build | Mining Camp |
| 15:14 | Research | Double-Bit Axe |
| 15:16 | Research | Horse Collar |
| 15:20 | Build | Barracks |
| 15:32 | Build | House |
| 15:33 | Build | House |
| 15:41 | Build | Stone Wall |
| 15:45 | Build | Building 487 |
| 15:55 | Research | Gold Mining |
| 15:56 | Research | Stone Mining |
| 15:59 | Research | Fletching |
| 16:01 | Research | Padded Archer Armor |
| 16:04 | Create | Villager (Male) |
| 16:04 | Create | Villager (Male) |
| 16:25 | Research | Wheelbarrow |
| 17:21 | Age | Castle Age |
| 17:30 | Build | Town Center |
| 17:47 | Create | Villager (Male) |
| 17:47 | Create | Villager (Male) |
| 18:12 | Build | Monastery |
| 18:31 | Research | Bow Saw |
| 18:37 | Build | Farm |
| 18:41 | Build | Farm |
| 18:43 | Build | Mining Camp |
| 18:46 | Build | Farm |
| 18:50 | Build | Farm |
| 18:51 | Create | Villager (Male) |
| 18:53 | Create | Villager (Male) |
| 18:58 | Create | Monk |
| 19:17 | Create | Villager (Male) |
| 19:32 | Create | Villager (Male) |
| 19:32 | Create | Villager (Male) |
| 19:47 | Build | Farm |
| 20:15 | Create | Monk |
| 20:18 | Build | Farm |
| 20:23 | Research | Heavy Plow |
| 20:24 | Create | Villager (Male) |
| 20:35 | Create | Villager (Male) |
| 20:42 | Build | Farm |
| 20:42 | Build | Farm |
| 20:43 | Build | Farm |
| 20:52 | Create | Villager (Male) |
| 21:35 | Create | Villager (Male) |
| 21:35 | Create | Villager (Male) |
| 21:38 | Build | Farm |
| 22:01 | Create | Villager (Male) |
| 22:02 | Create | Villager (Male) |
| 22:10 | Build | Town Center |
| 22:25 | Build | Town Center |
| 22:34 | Build | Lumber Camp |
| 22:36 | Create | Villager (Male) |
| 22:37 | Create | Villager (Male) |
| 22:39 | Create | Villager (Male) |
| 22:40 | Create | Villager (Male) |
| 22:48 | Build | House |
| 22:49 | Build | House |
| 22:50 | Build | House |
| 22:51 | Build | House |
| 22:52 | Build | House |
| 22:54 | Build | House |
| 22:58 | Research | Stone Shaft Mining |
| 23:22 | Create | Villager (Male) |
| 23:23 | Create | Villager (Male) |
| 23:55 | Create | Villager (Male) |
| 24:08 | Create | Villager (Male) |
| 24:08 | Create | Villager (Male) |
| 24:10 | Create | Villager (Male) |
| 24:23 | Build | Farm |
| 24:26 | Build | Farm |
| 24:26 | Build | Farm |
| 24:27 | Build | Farm |
| 24:27 | Build | Farm |
| 24:53 | Create | Villager (Male) |
| 24:58 | Research | Hand Cart |
| 25:00 | Create | Villager (Male) |
| 25:23 | Build | Farm |
| 25:26 | Create | Villager (Male) |
| 25:27 | Create | Villager (Male) |
| 25:28 | Create | Villager (Male) |
| 25:35 | Build | Farm |
| 25:57 | Build | Castle |
| 26:02 | Build | Mining Camp |
| 26:08 | Build | House |
| 26:09 | Build | House |
| 26:09 | Build | House |
| 26:11 | Create | Villager (Male) |
| 26:11 | Create | Villager (Male) |
| 26:13 | Create | Villager (Male) |
| 26:17 | Build | Farm |
| 26:40 | Build | Farm |
| 26:42 | Build | Farm |
| 26:43 | Create | Villager (Male) |
| 26:44 | Create | Villager (Male) |
| 26:44 | Create | Villager (Male) |
| 26:45 | Create | Villager (Male) |
| 26:46 | Create | Villager (Male) |
| 26:47 | Create | Villager (Male) |
| 26:48 | Build | Farm |
| 26:51 | Build | Farm |
| 27:02 | Build | Market |
| 27:04 | Build | Market |
| 27:35 | Build | Market |
| 27:46 | Build | Market |
| 28:05 | Build | Farm |
Build order — IAlwaysOnlyBoom
First 150 of 487 actions detected
| 0:01 | Create | Villager (Male) |
| 0:01 | Create | Villager (Male) |
| 0:03 | Build | House |
| 0:05 | Build | House |
| 0:16 | Create | Villager (Male) |
| 0:16 | Create | Villager (Male) |
| 0:46 | Build | Palisade Wall |
| 1:36 | Create | Villager (Male) |
| 1:37 | Create | Villager (Male) |
| 2:06 | Create | Villager (Male) |
| 2:06 | Create | Villager (Male) |
| 2:27 | Build | Lumber Camp |
| 2:42 | Create | Villager (Male) |
| 2:42 | Create | Villager (Male) |
| 3:43 | Create | Villager (Male) |
| 3:43 | Create | Villager (Male) |
| 4:46 | Create | Villager (Male) |
| 4:47 | Create | Villager (Male) |
| 4:47 | Create | Villager (Male) |
| 5:09 | Create | Villager (Male) |
| 5:21 | Create | Villager (Male) |
| 5:40 | Research | Loom |
| 5:46 | Build | House |
| 5:58 | Build | Mill |
| 6:15 | Create | Villager (Male) |
| 6:16 | Create | Villager (Male) |
| 6:34 | Create | Villager (Male) |
| 8:11 | Create | Villager (Male) |
| 8:13 | Research | Feudal Age |
| 8:32 | Create | Villager (Male) |
| 9:22 | Create | Villager (Male) |
| 9:39 | Build | House |
| 9:41 | Build | House |
| 10:06 | Create | Villager (Male) |
| 10:42 | Build | Mining Camp |
| 10:46 | Age | Feudal Age |
| 10:56 | Create | Villager (Male) |
| 10:56 | Create | Villager (Male) |
| 11:10 | Build | Stone Wall |
| 11:20 | Create | Villager (Male) |
| 11:29 | Create | Villager (Male) |
| 11:38 | Build | Market |
| 11:48 | Build | Market |
| 12:00 | Build | Blacksmith |
| 12:12 | Build | Blacksmith |
| 12:13 | Create | Villager (Male) |
| 13:04 | Build | Stone Wall |
| 13:38 | Research | Castle Age |
| 14:09 | Research | Horse Collar |
| 14:12 | Research | Double-Bit Axe |
| 14:33 | Build | Mining Camp |
| 15:09 | Create | Villager (Male) |
| 15:09 | Create | Villager (Male) |
| 15:45 | Research | Stone Mining |
| 15:47 | Create | Villager (Male) |
| 15:48 | Create | Villager (Male) |
| 16:22 | Age | Castle Age |
| 16:27 | Build | Town Center |
| 16:56 | Build | Town Center |
| 16:58 | Create | Villager (Male) |
| 16:58 | Create | Villager (Male) |
| 17:15 | Build | Town Center |
| 17:40 | Research | Bow Saw |
| 18:24 | Create | Villager (Male) |
| 18:25 | Create | Villager (Male) |
| 18:48 | Research | Heavy Plow |
| 18:56 | Create | Villager (Male) |
| 19:02 | Build | Farm |
| 19:05 | Build | Farm |
| 19:26 | Build | Farm |
| 19:27 | Build | Farm |
| 20:14 | Build | Farm |
| 20:17 | Build | Farm |
| 20:21 | Build | Farm |
| 20:23 | Create | Villager (Male) |
| 20:25 | Create | Villager (Male) |
| 20:31 | Build | Farm |
| 20:34 | Create | Villager (Male) |
| 20:35 | Create | Villager (Male) |
| 20:49 | Build | Farm |
| 20:57 | Build | Farm |
| 20:59 | Create | Villager (Male) |
| 21:12 | Create | Villager (Male) |
| 21:23 | Build | Farm |
| 21:32 | Create | Villager (Male) |
| 21:47 | Build | Castle |
| 22:20 | Build | Farm |
| 22:21 | Build | Farm |
| 22:23 | Build | Farm |
| 22:24 | Build | Farm |
| 22:26 | Create | Villager (Male) |
| 22:27 | Create | Villager (Male) |
| 22:27 | Create | Villager (Male) |
| 22:33 | Create | Villager (Male) |
| 22:34 | Create | Villager (Male) |
| 22:34 | Create | Villager (Male) |
| 22:42 | Build | Farm |
| 22:43 | Create | Villager (Male) |
| 22:52 | Build | House |
| 22:54 | Build | House |
| 23:05 | Research | Wheelbarrow |
| 23:32 | Create | Villager (Male) |
| 23:32 | Create | Villager (Male) |
| 23:38 | Build | Farm |
| 23:42 | Build | Farm |
| 23:43 | Create | Villager (Male) |
| 23:46 | Create | Villager (Male) |
| 23:55 | Build | Farm |
| 24:00 | Build | Farm |
| 24:04 | Build | Farm |
| 24:20 | Build | Lumber Camp |
| 24:44 | Build | Mining Camp |
| 24:59 | Build | Farm |
| 25:05 | Create | Villager (Male) |
| 25:05 | Create | Villager (Male) |
| 25:05 | Create | Villager (Male) |
| 25:06 | Create | Villager (Male) |
| 25:07 | Create | Villager (Male) |
| 25:07 | Create | Villager (Male) |
| 25:08 | Create | Villager (Male) |
| 25:09 | Create | Villager (Male) |
| 25:09 | Create | Villager (Male) |
| 25:09 | Create | Villager (Male) |
| 25:55 | Create | Villager (Male) |
| 25:55 | Create | Villager (Male) |
| 25:55 | Create | Villager (Male) |
| 25:56 | Create | Villager (Male) |
| 25:57 | Create | Villager (Male) |
| 25:57 | Create | Villager (Male) |
| 25:58 | Create | Villager (Male) |
| 25:58 | Create | Villager (Male) |
| 26:01 | Build | Farm |
| 26:02 | Build | Farm |
| 26:07 | Build | Farm |
| 26:08 | Build | Farm |
| 26:14 | Build | Farm |
| 26:16 | Build | Farm |
| 26:22 | Research | Caravan |
| 26:30 | Create | Villager (Male) |
| 26:30 | Create | Villager (Male) |
| 26:30 | Create | Villager (Male) |
| 26:32 | Create | Villager (Male) |
| 26:36 | Build | Farm |
| 26:37 | Create | Villager (Male) |
| 27:01 | Build | Farm |
| 27:04 | Create | Villager (Male) |
| 27:07 | Research | Town Watch |
| 27:23 | Build | Castle |
| 27:33 | Build | Barracks |
| 27:39 | Create | Villager (Male) |
Build order — [Knusper] ChamberMC
First 150 of 421 actions detected
| 0:02 | Create | Villager (Male) |
| 0:04 | Build | House |
| 0:06 | Build | House |
| 0:09 | Research | Loom |
| 0:09 | Create | Villager (Male) |
| 0:09 | Create | Villager (Male) |
| 0:10 | Create | Villager (Male) |
| 0:10 | Create | Villager (Male) |
| 1:15 | Build | Building 800 |
| 1:26 | Build | Palisade Wall |
| 1:33 | Build | Palisade Wall |
| 3:02 | Create | Villager (Male) |
| 3:02 | Create | Villager (Male) |
| 3:02 | Create | Villager (Male) |
| 3:39 | Create | Villager (Male) |
| 3:40 | Create | Villager (Male) |
| 3:40 | Create | Villager (Male) |
| 4:08 | Create | Villager (Male) |
| 4:08 | Create | Villager (Male) |
| 4:23 | Build | Lumber Camp |
| 4:41 | Create | Villager (Male) |
| 4:41 | Create | Villager (Male) |
| 6:00 | Create | Villager (Male) |
| 6:00 | Create | Villager (Male) |
| 6:00 | Create | Villager (Male) |
| 6:37 | Build | House |
| 6:51 | Create | Villager (Male) |
| 6:51 | Create | Villager (Male) |
| 6:51 | Create | Villager (Male) |
| 6:52 | Create | Villager (Male) |
| 7:25 | Create | Villager (Male) |
| 7:25 | Create | Villager (Male) |
| 7:46 | Build | Mill |
| 8:00 | Build | House |
| 8:09 | Build | House |
| 8:56 | Build | Mill |
| 9:08 | Build | Mining Camp |
| 9:23 | Build | Mining Camp |
| 9:26 | Create | Villager (Male) |
| 9:26 | Create | Villager (Male) |
| 9:27 | Create | Villager (Male) |
| 9:40 | Build | House |
| 9:59 | Create | Villager (Male) |
| 9:59 | Create | Villager (Male) |
| 10:05 | Create | Villager (Male) |
| 10:05 | Create | Villager (Male) |
| 10:33 | Create | Villager (Male) |
| 10:33 | Create | Villager (Male) |
| 10:33 | Create | Villager (Male) |
| 11:48 | Research | Feudal Age |
| 12:05 | Build | Lumber Camp |
| 12:17 | Create | Villager (Male) |
| 13:19 | Build | House |
| 14:06 | Age | Feudal Age |
| 14:23 | Build | Stone Wall |
| 14:35 | Build | Building 665 |
| 14:42 | Build | Stone Wall |
| 15:04 | Create | Villager (Male) |
| 15:05 | Create | Villager (Male) |
| 15:05 | Create | Villager (Male) |
| 15:05 | Create | Villager (Male) |
| 15:05 | Create | Villager (Male) |
| 15:06 | Create | Villager (Male) |
| 15:18 | Build | Farm |
| 15:18 | Build | Farm |
| 15:19 | Build | Farm |
| 15:20 | Build | Farm |
| 15:26 | Create | Villager (Male) |
| 15:27 | Create | Villager (Male) |
| 16:08 | Create | Villager (Male) |
| 16:08 | Create | Villager (Male) |
| 16:08 | Create | Villager (Male) |
| 16:21 | Build | Farm |
| 16:22 | Build | Farm |
| 16:34 | Create | Villager (Male) |
| 16:34 | Create | Villager (Male) |
| 17:06 | Build | Farm |
| 17:08 | Create | Villager (Male) |
| 17:17 | Build | Farm |
| 17:23 | Create | Villager (Male) |
| 17:34 | Create | Villager (Male) |
| 17:45 | Build | Mining Camp |
| 18:00 | Build | Market |
| 18:32 | Build | Blacksmith |
| 18:38 | Create | Villager (Male) |
| 19:05 | Research | Castle Age |
| 19:08 | Create | Villager (Male) |
| 19:08 | Create | Villager (Male) |
| 19:32 | Research | Double-Bit Axe |
| 19:41 | Research | Horse Collar |
| 19:56 | Build | House |
| 20:00 | Build | House |
| 20:02 | Build | House |
| 20:03 | Build | House |
| 20:04 | Build | House |
| 20:07 | Build | House |
| 20:09 | Build | House |
| 20:10 | Build | House |
| 20:13 | Build | House |
| 20:16 | Build | House |
| 21:04 | Create | Villager (Male) |
| 21:05 | Create | Villager (Male) |
| 21:55 | Age | Castle Age |
| 22:08 | Build | Castle |
| 22:15 | Create | Villager (Male) |
| 22:16 | Create | Villager (Male) |
| 22:16 | Create | Villager (Male) |
| 22:24 | Build | Town Center |
| 22:29 | Create | Villager (Male) |
| 22:29 | Create | Villager (Male) |
| 22:36 | Build | Town Center |
| 22:42 | Research | Bow Saw |
| 22:44 | Create | Villager (Male) |
| 22:44 | Create | Villager (Male) |
| 22:44 | Create | Villager (Male) |
| 23:04 | Build | Town Center |
| 23:32 | Create | Villager (Male) |
| 23:32 | Create | Villager (Male) |
| 23:32 | Create | Villager (Male) |
| 23:32 | Create | Villager (Male) |
| 23:40 | Create | Villager (Male) |
| 23:57 | Build | Monastery |
| 24:01 | Create | Villager (Male) |
| 24:02 | Create | Villager (Male) |
| 24:02 | Create | Villager (Male) |
| 24:02 | Create | Villager (Male) |
| 24:14 | Build | Farm |
| 24:14 | Build | Farm |
| 24:15 | Build | Farm |
| 24:16 | Build | Farm |
| 24:17 | Build | Farm |
| 24:18 | Build | Farm |
| 24:23 | Create | Villager (Male) |
| 24:23 | Create | Villager (Male) |
| 24:23 | Create | Villager (Male) |
| 24:23 | Create | Villager (Male) |
| 24:44 | Create | Monk |
| 25:08 | Build | Mining Camp |
| 25:16 | Create | Villager (Male) |
| 25:16 | Create | Villager (Male) |
| 25:16 | Create | Villager (Male) |
| 25:17 | Create | Villager (Male) |
| 25:17 | Create | Villager (Male) |
| 25:43 | Create | Woad Raider |
| 25:43 | Create | Woad Raider |
| 25:43 | Create | Woad Raider |
| 26:36 | Create | Villager (Male) |
| 26:57 | Create | Villager (Male) |
| 26:58 | Create | Villager (Male) |
| 26:58 | Create | Villager (Male) |
Build order — Delhi
First 150 of 792 actions detected
| 0:03 | Build | House |
| 0:04 | Build | House |
| 0:05 | Create | Villager (Male) |
| 0:05 | Create | Villager (Male) |
| 0:50 | Research | Loom |
| 0:52 | Create | Villager (Male) |
| 0:53 | Create | Villager (Male) |
| 0:53 | Create | Villager (Male) |
| 1:37 | Create | Villager (Male) |
| 2:16 | Build | Palisade Wall |
| 2:29 | Create | Villager (Male) |
| 2:48 | Create | Villager (Male) |
| 3:32 | Create | Villager (Male) |
| 3:32 | Create | Villager (Male) |
| 3:32 | Create | Villager (Male) |
| 4:24 | Build | House |
| 4:31 | Create | Villager (Male) |
| 4:31 | Create | Villager (Male) |
| 4:31 | Create | Villager (Male) |
| 5:27 | Create | Villager (Male) |
| 5:28 | Create | Villager (Male) |
| 5:35 | Build | Settlement |
| 5:51 | Create | Villager (Male) |
| 5:55 | Create | Villager (Male) |
| 6:18 | Create | Villager (Male) |
| 6:54 | Create | Villager (Male) |
| 7:07 | Create | Villager (Male) |
| 7:36 | Create | Villager (Male) |
| 8:01 | Research | Feudal Age |
| 8:01 | Research | Feudal Age |
| 9:08 | Build | Settlement |
| 9:13 | Create | Villager (Male) |
| 10:11 | Age | Feudal Age |
| 10:30 | Create | Villager (Male) |
| 11:01 | Create | Villager (Male) |
| 11:26 | Create | Villager (Male) |
| 11:54 | Create | Villager (Male) |
| 11:57 | Create | Skirmisher |
| 12:19 | Create | Villager (Male) |
| 12:25 | Build | Market |
| 12:35 | Build | House |
| 12:36 | Build | House |
| 12:42 | Create | Villager (Male) |
| 12:47 | Build | Blacksmith |
| 13:29 | Create | Villager (Male) |
| 13:33 | Research | Double-Bit Axe |
| 13:34 | Research | Horse Collar |
| 13:37 | Create | Villager (Male) |
| 13:43 | Build | Farm |
| 13:45 | Build | Farm |
| 13:46 | Build | Farm |
| 14:10 | Build | Farm |
| 14:15 | Build | Farm |
| 14:18 | Create | Villager (Male) |
| 14:37 | Build | Farm |
| 14:40 | Build | Farm |
| 14:43 | Build | Farm |
| 14:46 | Build | Farm |
| 14:47 | Create | Villager (Male) |
| 14:58 | Build | Palisade Gate |
| 15:23 | Build | House |
| 15:24 | Research | Castle Age |
| 15:25 | Research | Castle Age |
| 16:09 | Build | Barracks |
| 16:13 | Build | House |
| 16:14 | Build | House |
| 16:16 | Build | House |
| 16:18 | Build | House |
| 16:50 | Create | Trade Cart |
| 17:03 | Research | Gold Mining |
| 17:37 | Build | Archery Range |
| 17:40 | Create | Villager (Male) |
| 18:04 | Age | Castle Age |
| 18:07 | Build | Town Center |
| 18:11 | Create | Villager (Male) |
| 18:26 | Build | Palisade Gate |
| 18:33 | Build | House |
| 18:40 | Build | House |
| 18:43 | Build | House |
| 18:44 | Research | Caravan |
| 18:46 | Create | Villager (Male) |
| 19:01 | Build | Outpost |
| 19:09 | Create | Villager (Male) |
| 19:25 | Research | Wheelbarrow |
| 19:27 | Create | Villager (Male) |
| 19:30 | Create | Villager (Male) |
| 19:39 | Create | Trade Cart |
| 19:52 | Create | Villager (Male) |
| 20:14 | Create | Villager (Male) |
| 20:25 | Build | Town Center |
| 20:31 | Create | Villager (Male) |
| 20:41 | Build | Farm |
| 20:44 | Build | Farm |
| 20:47 | Create | Villager (Male) |
| 20:53 | Create | Villager (Male) |
| 20:56 | Create | Villager (Male) |
| 20:57 | Create | Villager (Male) |
| 21:13 | Build | Settlement |
| 21:18 | Create | Villager (Male) |
| 21:21 | Build | Palisade Wall |
| 21:23 | Build | Building 796 |
| 21:28 | Build | House |
| 21:29 | Build | House |
| 21:34 | Build | House |
| 21:44 | Build | Outpost |
| 21:53 | Create | Villager (Male) |
| 22:08 | Create | Villager (Male) |
| 22:21 | Build | University |
| 22:26 | Create | Villager (Male) |
| 22:39 | Research | Hand Cart |
| 22:49 | Build | Farm |
| 22:57 | Create | Villager (Male) |
| 23:01 | Create | Villager (Male) |
| 23:02 | Create | Villager (Male) |
| 23:15 | Create | Trade Cart |
| 23:26 | Create | Villager (Male) |
| 23:37 | Create | Villager (Male) |
| 23:39 | Create | Villager (Male) |
| 23:47 | Create | Villager (Male) |
| 23:55 | Build | Farm |
| 23:59 | Build | Farm |
| 24:03 | Build | Farm |
| 24:07 | Create | Villager (Male) |
| 24:10 | Create | Villager (Male) |
| 24:30 | Build | Castle |
| 24:43 | Create | Villager (Male) |
| 24:44 | Create | Villager (Male) |
| 24:44 | Create | Villager (Male) |
| 24:49 | Research | Town Watch |
| 24:50 | Research | Town Watch |
| 24:53 | Research | Heavy Plow |
| 25:02 | Build | Farm |
| 25:06 | Build | Farm |
| 25:10 | Create | Villager (Male) |
| 25:13 | Create | Villager (Male) |
| 25:15 | Create | Villager (Male) |
| 25:16 | Create | Villager (Male) |
| 25:23 | Build | Palisade Gate |
| 25:26 | Build | Monastery |
| 25:43 | Create | Villager (Male) |
| 25:47 | Create | Villager (Male) |
| 25:57 | Create | Villager (Male) |
| 25:59 | Create | Villager (Male) |
| 26:02 | Create | Villager (Male) |
| 26:09 | Build | Farm |
| 26:11 | Build | Farm |
| 26:16 | Build | Farm |
| 26:21 | Create | Villager (Male) |
| 26:24 | Create | Villager (Male) |
| 26:25 | Create | Villager (Male) |
Build order — jairo
First 150 of 899 actions detected
| 0:02 | Create | Villager (Male) |
| 0:02 | Create | Villager (Male) |
| 0:02 | Create | Villager (Male) |
| 0:04 | Build | House |
| 0:06 | Build | House |
| 0:21 | Create | Villager (Male) |
| 0:21 | Create | Villager (Male) |
| 1:37 | Create | Villager (Male) |
| 1:37 | Create | Villager (Male) |
| 2:04 | Create | Villager (Male) |
| 2:05 | Create | Villager (Male) |
| 2:25 | Create | Villager (Male) |
| 2:25 | Create | Villager (Male) |
| 2:59 | Create | Villager (Male) |
| 2:59 | Create | Villager (Male) |
| 3:10 | Build | House |
| 3:11 | Build | House |
| 3:14 | Create | Villager (Male) |
| 3:14 | Create | Villager (Male) |
| 3:24 | Build | Lumber Camp |
| 3:49 | Create | Villager (Male) |
| 3:49 | Create | Villager (Male) |
| 4:09 | Create | Villager (Male) |
| 4:10 | Create | Villager (Male) |
| 4:33 | Create | Villager (Male) |
| 4:33 | Create | Villager (Male) |
| 5:05 | Build | Mill |
| 5:11 | Create | Villager (Male) |
| 5:11 | Create | Villager (Male) |
| 5:11 | Create | Villager (Male) |
| 5:28 | Build | House |
| 6:02 | Create | Villager (Male) |
| 6:03 | Create | Villager (Male) |
| 6:03 | Create | Villager (Male) |
| 6:20 | Create | Villager (Male) |
| 6:20 | Create | Villager (Male) |
| 6:24 | Create | Villager (Male) |
| 6:55 | Create | Villager (Male) |
| 6:56 | Create | Villager (Male) |
| 7:26 | Build | House |
| 7:45 | Create | Villager (Male) |
| 7:45 | Create | Villager (Male) |
| 8:03 | Research | Loom |
| 8:03 | Research | Loom |
| 8:31 | Build | Mining Camp |
| 8:38 | Create | Villager (Male) |
| 9:02 | Research | Feudal Age |
| 9:26 | Create | Villager (Male) |
| 9:46 | Build | House |
| 9:48 | Build | House |
| 9:50 | Build | House |
| 10:02 | Create | Villager (Male) |
| 11:33 | Age | Feudal Age |
| 11:42 | Build | Market |
| 11:48 | Build | Blacksmith |
| 12:03 | Build | Blacksmith |
| 12:11 | Create | Villager (Male) |
| 12:18 | Build | Farm |
| 12:19 | Build | Farm |
| 12:21 | Build | Farm |
| 12:22 | Build | Farm |
| 12:30 | Create | Villager (Male) |
| 12:58 | Build | Farm |
| 13:01 | Create | Villager (Male) |
| 13:03 | Build | House |
| 13:06 | Create | Villager (Male) |
| 13:34 | Create | Villager (Male) |
| 13:41 | Build | Farm |
| 14:11 | Build | Farm |
| 14:28 | Research | Castle Age |
| 14:33 | Build | Farm |
| 14:58 | Research | Double-Bit Axe |
| 15:16 | Create | Trade Cart |
| 15:34 | Build | Market |
| 15:46 | Create | Villager (Male) |
| 16:22 | Create | Villager (Male) |
| 17:08 | Age | Castle Age |
| 17:29 | Build | Town Center |
| 17:46 | Build | Town Center |
| 17:51 | Create | Villager (Male) |
| 17:51 | Create | Villager (Male) |
| 17:52 | Create | Villager (Male) |
| 17:52 | Create | Villager (Male) |
| 18:04 | Build | Monastery |
| 18:10 | Build | House |
| 18:12 | Build | House |
| 18:13 | Build | House |
| 18:16 | Build | House |
| 18:20 | Create | Villager (Male) |
| 18:50 | Create | Villager (Male) |
| 18:50 | Create | Villager (Male) |
| 18:51 | Create | Villager (Male) |
| 18:58 | Build | Lumber Camp |
| 19:15 | Create | Villager (Male) |
| 19:17 | Create | Villager (Male) |
| 19:17 | Create | Villager (Male) |
| 19:32 | Build | Farm |
| 19:33 | Build | Farm |
| 19:33 | Build | Farm |
| 19:33 | Build | Farm |
| 19:33 | Build | Farm |
| 19:33 | Build | Farm |
| 19:34 | Build | Farm |
| 19:34 | Build | Farm |
| 19:44 | Create | Villager (Male) |
| 19:46 | Create | Villager (Male) |
| 19:47 | Create | Villager (Male) |
| 19:47 | Create | Villager (Male) |
| 19:49 | Create | Villager (Male) |
| 19:50 | Create | Monk |
| 20:15 | Build | Farm |
| 20:18 | Build | Farm |
| 20:18 | Build | Farm |
| 20:19 | Build | Farm |
| 20:19 | Build | Farm |
| 20:25 | Build | Farm |
| 20:29 | Build | Farm |
| 20:38 | Build | House |
| 20:41 | Build | House |
| 20:45 | Build | House |
| 20:50 | Build | House |
| 20:54 | Create | Villager (Male) |
| 20:56 | Create | Villager (Male) |
| 20:56 | Create | Villager (Male) |
| 20:56 | Create | Villager (Male) |
| 20:57 | Create | Villager (Male) |
| 20:58 | Create | Villager (Male) |
| 20:58 | Create | Villager (Male) |
| 20:58 | Create | Villager (Male) |
| 21:02 | Build | Farm |
| 21:03 | Build | Farm |
| 21:15 | Build | Farm |
| 21:20 | Build | House |
| 21:23 | Build | House |
| 21:24 | Build | House |
| 21:43 | Create | Trade Cart |
| 21:45 | Research | Caravan |
| 21:48 | Create | Villager (Male) |
| 21:50 | Create | Villager (Male) |
| 21:53 | Create | Villager (Male) |
| 21:57 | Build | House |
| 21:58 | Build | House |
| 22:00 | Build | House |
| 22:17 | Create | Villager (Male) |
| 22:22 | Build | Farm |
| 22:27 | Build | Farm |
| 22:27 | Build | Farm |
| 22:27 | Build | Farm |
| 22:27 | Build | Farm |
| 22:37 | Build | Lumber Camp |
Build order — [Knusper] Alex
First 150 of 428 actions detected
| 0:06 | Build | House |
| 0:07 | Create | Villager (Male) |
| 0:07 | Create | Villager (Male) |
| 0:07 | Create | Villager (Male) |
| 0:07 | Create | Villager (Male) |
| 0:08 | Create | Villager (Male) |
| 0:11 | Build | House |
| 0:53 | Build | Lumber Camp |
| 1:46 | Create | Villager (Male) |
| 1:46 | Create | Villager (Male) |
| 2:10 | Create | Villager (Male) |
| 2:11 | Create | Villager (Male) |
| 2:23 | Build | House |
| 2:40 | Create | Villager (Male) |
| 3:20 | Research | Loom |
| 3:42 | Create | Villager (Male) |
| 3:42 | Create | Villager (Male) |
| 4:01 | Build | Mill |
| 4:10 | Create | Villager (Male) |
| 4:11 | Create | Villager (Male) |
| 4:11 | Create | Villager (Male) |
| 4:26 | Create | Villager (Male) |
| 4:27 | Create | Villager (Male) |
| 4:27 | Create | Villager (Male) |
| 4:43 | Create | Villager (Male) |
| 4:43 | Create | Villager (Male) |
| 5:38 | Create | Villager (Male) |
| 5:39 | Create | Villager (Male) |
| 6:24 | Create | Villager (Male) |
| 6:46 | Create | Villager (Male) |
| 7:17 | Create | Villager (Male) |
| 7:17 | Create | Villager (Male) |
| 7:39 | Build | House |
| 8:02 | Build | House |
| 8:24 | Create | Villager (Male) |
| 9:17 | Create | Villager (Male) |
| 9:19 | Create | Villager (Male) |
| 10:08 | Create | Villager (Male) |
| 10:09 | Research | Feudal Age |
| 10:55 | Build | Lumber Camp |
| 11:13 | Create | Villager (Male) |
| 11:34 | Create | Villager (Male) |
| 12:20 | Create | Villager (Male) |
| 12:20 | Create | Villager (Male) |
| 12:30 | Build | Mining Camp |
| 12:43 | Age | Feudal Age |
| 13:15 | Build | Market |
| 13:31 | Build | House |
| 13:53 | Build | Blacksmith |
| 14:23 | Create | Villager (Male) |
| 14:42 | Create | Villager (Male) |
| 14:50 | Build | House |
| 14:51 | Build | House |
| 14:53 | Build | House |
| 14:54 | Build | House |
| 15:08 | Create | Villager (Male) |
| 15:08 | Research | Castle Age |
| 15:28 | Build | Mining Camp |
| 15:44 | Research | Horse Collar |
| 15:49 | Research | Double-Bit Axe |
| 16:00 | Build | Farm |
| 16:37 | Build | Farm |
| 16:48 | Research | Stone Mining |
| 17:19 | Build | Farm |
| 17:23 | Build | Farm |
| 17:36 | Build | Farm |
| 17:43 | Build | Farm |
| 17:51 | Build | Farm |
| 18:16 | Create | Villager (Male) |
| 18:16 | Create | Villager (Male) |
| 18:19 | Age | Castle Age |
| 18:27 | Build | Farm |
| 18:36 | Research | Bow Saw |
| 18:48 | Create | Villager (Male) |
| 19:16 | Create | Villager (Male) |
| 19:17 | Create | Villager (Male) |
| 19:38 | Build | Town Center |
| 19:50 | Create | Villager (Male) |
| 19:53 | Research | Wheelbarrow |
| 20:09 | Create | Villager (Male) |
| 20:26 | Create | Villager (Male) |
| 20:27 | Create | Villager (Male) |
| 20:46 | Build | Monastery |
| 20:52 | Create | Villager (Male) |
| 20:52 | Create | Villager (Male) |
| 21:05 | Build | Lumber Camp |
| 21:09 | Create | Villager (Male) |
| 21:44 | Create | Villager (Male) |
| 21:45 | Create | Villager (Male) |
| 21:50 | Create | Monk |
| 22:02 | Build | Farm |
| 22:18 | Build | Town Center |
| 22:24 | Create | Villager (Male) |
| 22:32 | Create | Villager (Male) |
| 22:39 | Create | Villager (Male) |
| 22:53 | Build | Farm |
| 23:14 | Build | Castle |
| 23:22 | Create | Villager (Male) |
| 23:23 | Create | Villager (Male) |
| 23:37 | Create | Monk |
| 23:48 | Create | Villager (Male) |
| 23:49 | Create | Villager (Male) |
| 23:49 | Create | Villager (Male) |
| 24:10 | Research | Heavy Plow |
| 24:16 | Build | Farm |
| 24:25 | Create | Villager (Male) |
| 24:26 | Create | Villager (Male) |
| 24:43 | Create | Villager (Male) |
| 24:43 | Create | Villager (Male) |
| 24:55 | Build | Mining Camp |
| 24:58 | Create | Janissary |
| 24:58 | Create | Janissary |
| 25:07 | Create | Villager (Male) |
| 25:14 | Build | Farm |
| 25:17 | Build | Farm |
| 25:36 | Research | Town Watch |
| 25:43 | Build | Farm |
| 25:45 | Build | Farm |
| 25:50 | Build | Farm |
| 25:59 | Build | Farm |
| 26:01 | Build | Farm |
| 26:03 | Build | Farm |
| 26:06 | Build | Farm |
| 26:08 | Build | Farm |
| 26:11 | Create | Villager (Male) |
| 26:11 | Create | Villager (Male) |
| 26:15 | Create | Villager (Male) |
| 26:16 | Create | Villager (Male) |
| 26:20 | Build | Farm |
| 26:26 | Build | Farm |
| 27:10 | Create | Villager (Male) |
| 27:12 | Research | Hand Cart |
| 27:19 | Create | Villager (Male) |
| 27:19 | Create | Villager (Male) |
| 27:36 | Build | Farm |
| 27:38 | Build | Farm |
| 27:40 | Create | Villager (Male) |
| 27:41 | Create | Villager (Male) |
| 27:47 | Build | Farm |
| 27:53 | Create | Villager (Male) |
| 27:53 | Create | Villager (Male) |
| 28:03 | Build | Farm |
| 28:05 | Build | Farm |
| 28:07 | Build | Farm |
| 28:14 | Build | Lumber Camp |
| 28:22 | Build | Town Center |
| 28:28 | Create | Villager (Male) |
| 28:28 | Create | Villager (Male) |
| 28:28 | Create | Villager (Male) |
| 28:33 | Create | Villager (Male) |
Match timeline
| 0:46 | IAlwaysOnlyBoom · wall_segment Palisade Wall x8 |
| 1:24 | Conquistatoooore · wall_segment Palisade Wall x9 |
| 1:26 | [Knusper] ChamberMC · wall_segment Palisade Wall x9 |
| 1:33 | [Knusper] ChamberMC · wall_segment Palisade Wall x5 |
| 2:16 | Delhi · wall_segment Palisade Wall x8 |
| 3:02 | Conquistatoooore · wall_segment Palisade Wall x10 |
| 10:11 | Delhi · age_up feudal |
| 10:46 | IAlwaysOnlyBoom · age_up feudal |
| 11:10 | IAlwaysOnlyBoom · wall_segment Stone Wall x8 |
| 11:24 | [Knusper] sycane · age_up feudal |
| 11:33 | jairo · age_up feudal |
| 12:32 | [Knusper] Antonio · age_up feudal |
| 12:42 | [Knusper] sycane · first_market_sell 100 wood |
| 12:43 | [Knusper] Alex · age_up feudal |
| 13:04 | IAlwaysOnlyBoom · wall_segment Stone Wall x9 |
| 13:34 | Conquistatoooore · age_up feudal |
| 13:49 | Conquistatoooore · wall_segment Stone Wall x23 |
| 14:06 | [Knusper] ChamberMC · age_up feudal |
| 14:23 | [Knusper] ChamberMC · wall_segment Stone Wall x9 |
| 14:25 | Delhi · first_market_sell 100 wood |
| 14:28 | Delhi · first_market_buy 100 food |
| 14:42 | [Knusper] ChamberMC · wall_segment Stone Wall x5 |
| 15:20 | [Knusper] Antonio · first_building Barracks |
| 15:23 | [Knusper] sycane · age_up castle |
| 15:41 | [Knusper] Antonio · wall_segment Stone Wall x9 |
| 16:09 | Delhi · first_building Barracks |
| 16:22 | IAlwaysOnlyBoom · age_up castle |
| 17:08 | jairo · age_up castle |
| 17:21 | [Knusper] Antonio · age_up castle |
| 17:37 | Delhi · first_building Archery Range |
| 18:00 | Conquistatoooore · first_market_buy 100 food |
| 18:04 | jairo · first_building Monastery |
| 18:04 | Delhi · age_up castle |
| 18:12 | [Knusper] Antonio · first_building Monastery |
| 18:19 | [Knusper] Alex · age_up castle |
| 18:44 | IAlwaysOnlyBoom · first_market_buy 100 food |
| 18:52 | [Knusper] ChamberMC · first_market_sell 100 food |
| 20:30 | Conquistatoooore · age_up castle |
| 20:34 | Conquistatoooore · first_building Monastery |
| 20:46 | [Knusper] Alex · first_building Monastery |
| 21:19 | Conquistatoooore · first_market_sell 100 wood |
| 21:21 | Delhi · wall_segment Palisade Wall x2 |
| 21:47 | IAlwaysOnlyBoom · first_building Castle |
| 21:55 | [Knusper] ChamberMC · age_up castle |
| 22:08 | [Knusper] ChamberMC · first_building Castle |
| 22:31 | [Knusper] sycane · first_building Monastery |
| 23:14 | [Knusper] Alex · first_building Castle |
| 23:51 | [Knusper] sycane · first_building Siege Workshop |
| 23:57 | [Knusper] ChamberMC · first_building Monastery |
| 24:03 | [Knusper] Alex · first_market_sell 100 wood |
| 24:05 | [Knusper] Alex · first_market_buy 100 food |
| 24:30 | Delhi · first_building Castle |
| 24:41 | jairo · first_building Barracks |
| 25:24 | [Knusper] ChamberMC · first_market_buy 100 food |
| 25:26 | Delhi · first_building Monastery |
| 25:57 | [Knusper] Antonio · first_building Castle |
| 26:15 | Conquistatoooore · first_building Castle |
| 26:58 | Delhi · wall_segment Palisade Wall x3 |
| 26:59 | [Knusper] sycane · wall_segment Stone Wall x3 |
| 27:33 | IAlwaysOnlyBoom · first_building Barracks |
| 27:36 | jairo · first_building Stable |
| 27:57 | [Knusper] sycane · age_up imperial |
| 28:16 | [Knusper] Antonio · first_market_buy 100 food |
| 28:27 | [Knusper] sycane · first_building Castle |
| 29:40 | [Knusper] ChamberMC · first_building Siege Workshop |
| 30:33 | [Knusper] Alex · first_building Barracks |
| 31:03 | [Knusper] Antonio · first_building Siege Workshop |
| 31:13 | [Knusper] Antonio · first_building Archery Range |
| 31:35 | [Knusper] Antonio · age_up imperial |
| 32:10 | [Knusper] Alex · first_building Stable |
| 32:22 | jairo · wall_segment Stone Wall x17 |
| 32:52 | [Knusper] Antonio · first_market_sell 500 wood |
| 33:04 | jairo · age_up imperial |
| 33:10 | IAlwaysOnlyBoom · age_up imperial |
| 33:17 | IAlwaysOnlyBoom · first_market_sell 100 food |
| 33:52 | [Knusper] Alex · first_building Archery Range |
| 33:55 | jairo · first_building Castle |
| 34:07 | [Knusper] Alex · age_up imperial |
| 34:21 | [Knusper] Alex · first_building Siege Workshop |
| 34:37 | Conquistatoooore · first_building Barracks |
| 34:57 | IAlwaysOnlyBoom · first_building Archery Range |
| 35:02 | IAlwaysOnlyBoom · first_building Stable |
| 35:25 | [Knusper] sycane · first_building Barracks |
| 35:35 | Delhi · first_building Siege Workshop |
| 35:36 | Conquistatoooore · first_building Stable |
| 35:49 | Delhi · age_up imperial |
| 35:52 | [Knusper] Antonio · wall_segment Stone Wall x11 |
| 36:23 | Conquistatoooore · age_up imperial |
| 36:34 | [Knusper] ChamberMC · age_up imperial |
| 38:14 | jairo · first_building Siege Workshop |
| 38:54 | [Knusper] Antonio · tribute_sent a jugador 1 |
| 38:54 | [Knusper] Antonio · tribute_sent a jugador 3 |
| 38:54 | [Knusper] Antonio · tribute_sent a jugador 4 |
| 38:54 | [Knusper] Antonio · tribute_sent a jugador 5 |
| 38:54 | [Knusper] Antonio · tribute_sent a jugador 6 |
| 38:54 | [Knusper] Antonio · tribute_sent a jugador 7 |
| 38:54 | [Knusper] Antonio · tribute_sent a jugador 8 |
| 40:09 | [Knusper] Alex · wall_segment Stone Wall x10 |
| 44:37 | jairo · first_building Archery Range |
| 48:31 | IAlwaysOnlyBoom · first_building Siege Workshop |
| 48:47 | jairo · wall_segment Stone Wall x6 |
| 52:39 | [Knusper] Alex · wall_segment Stone Wall x15 |
| 52:41 | [Knusper] sycane · wall_segment Stone Wall x4 |
| 52:57 | [Knusper] ChamberMC · first_building Barracks |
| 53:37 | [Knusper] Antonio · first_building Stable |
| 57:07 | [Knusper] sycane · tribute_sent a jugador 1 |
| 57:07 | [Knusper] sycane · tribute_sent a jugador 2 |
| 57:07 | [Knusper] sycane · tribute_sent a jugador 3 |
| 57:07 | [Knusper] sycane · tribute_sent a jugador 4 |
| 57:07 | [Knusper] sycane · tribute_sent a jugador 5 |
| 57:07 | [Knusper] sycane · tribute_sent a jugador 7 |
| 57:07 | [Knusper] sycane · tribute_sent a jugador 8 |
| 57:11 | [Knusper] ChamberMC · tribute_sent a jugador 1 |
| 57:11 | [Knusper] ChamberMC · tribute_sent a jugador 2 |
| 57:11 | [Knusper] ChamberMC · tribute_sent a jugador 3 |
| 57:11 | [Knusper] ChamberMC · tribute_sent a jugador 5 |
| 57:11 | [Knusper] ChamberMC · tribute_sent a jugador 6 |
| 57:11 | [Knusper] ChamberMC · tribute_sent a jugador 7 |
| 57:11 | [Knusper] ChamberMC · tribute_sent a jugador 8 |
| 57:56 | jairo · first_market_sell 100 food |
| 59:13 | jairo · wall_segment Stone Wall x17 |
| 59:37 | [Knusper] sycane · first_building Stable |
| 60:14 | Conquistatoooore · wall_segment Stone Wall x9 |
| 60:53 | [Knusper] Alex · wall_segment Stone Wall x17 |
| 61:32 | [Knusper] sycane · tribute_sent a jugador 1 |
| 61:32 | [Knusper] sycane · tribute_sent a jugador 2 |
| 61:32 | [Knusper] sycane · tribute_sent a jugador 3 |
| 61:32 | [Knusper] sycane · tribute_sent a jugador 4 |
| 61:32 | [Knusper] sycane · tribute_sent a jugador 5 |
| 61:32 | [Knusper] sycane · tribute_sent a jugador 7 |
| 61:32 | [Knusper] sycane · tribute_sent a jugador 8 |
| 61:50 | [Knusper] Alex · tribute_sent a jugador 1 |
| 61:50 | [Knusper] Alex · tribute_sent a jugador 2 |
| 61:50 | [Knusper] Alex · tribute_sent a jugador 3 |
| 61:50 | [Knusper] Alex · tribute_sent a jugador 4 |
| 61:50 | [Knusper] Alex · tribute_sent a jugador 5 |
| 61:50 | [Knusper] Alex · tribute_sent a jugador 6 |
| 61:50 | [Knusper] Alex · tribute_sent a jugador 7 |
| 63:17 | [Knusper] sycane · resign |
[ AI ANALYSIS · 1 CREDIT ]
What really happened in this match?
Wolo.gg analyzes every decision: build order, eco, micro, common mistakes by bracket. Personalized analysis on WhatsApp or Discord in 30 seconds.
Civ guide
Teutons
Map guide
Black Forest
Perfil
[Knusper] sycane